 Dungeon Crawl Stone Soup version 0.27-a0-385-g3208abaabc (webtiles) character file.

Game seed: 1899851802954351409

72 tsouns the Chopper (level 4, -3/46 HPs)
             Began as an Octopode Berserker on Feb 18, 2021.
             Was a Believer of Trog.
             Slain by a gnoll
             ... wielding a +0 whip
              (11 damage)
             ... on level 2 of the Dungeon.
             The game lasted 00:01:40 (1026 turns).

tsouns the Chopper (Octopode Berserker)             Turns: 1026, Time: 00:01:41

Health: -3/46      AC:  1    Str: 16    XL:     4   Next: 25%
Magic:  4/4        EV: 15    Int:  9    God:    Trog [**....]
Gold:   68         SH:  0    Dex: 18    Spells: 3/3 levels left

rFire    . . .     SeeInvis .   a - +0 hand axe
rCold    . . .     Faith    .   (no shield)
rNeg     . . .     Spirit   .   (helmet restricted)
rPois    +         Reflect  .   (no amulet)
rElec    .         Harm     .   c - +6 ring of dexterity
rCorr    .         Rampage  .   d - ring of poison resistance
Will     ++...                  (no ring)
Stlth    ..........             (no ring)
HPRegen  1.15/turn              (no ring)
MPRegen  0.09/turn              (no ring)
                                (no ring)
                                (no ring)

@: berserking, regenerating, very quick
A: almost no armour, stealthy swim, amphibious, 8 rings, constrict 8, camouflage
1, gelatinous body 1
a: Renounce Religion, Berserk, Trog's Hand


You were on level 2 of the Dungeon.
You worshipped Trog.
Trog was pleased with you.
You visited 1 branch of the dungeon, and saw 2 of its levels.

You collected 68 gold pieces.

Inventory:

Hand Weapons
 a - a +0 hand axe (weapon)
Missiles
 e - 7 poisoned darts
Jewellery
 c - a +6 ring of dexterity (left tentacle)
 d - a ring of poison resistance (right tentacle)
Scrolls
 g - a scroll of random uselessness {unknown}
Potions
 b - 2 potions of cancellation {unknown}
 f - a potion of curing {unknown}


   Skills:
 + Level 3.4 Fighting
 * Level 3.9 Axes
 + Level 3.4 Dodging
 + Level 2.1 Stealth


You had 3 spell levels left.
You didn't know any spells.
Your spell library contained the following spells:

 Spells                   Type           Power        Failure   Level
 Magic Dart               Conj           0%           38%         1
 Blink                    Tloc           N/A          52%         2
 Call Imp                 Summ           0%           52%         2
 Slow                     Hex            0%           52%         2
 Conjure Flame            Conj/Fire      0%           77%         3
 Mephitic Cloud           Conj/Pois/Air  0%           77%         3


Dungeon Overview and Level Annotations

Branches:
Dungeon (2/15)

Altars:


Innate Abilities, Weirdness & Mutations

You cannot wear most types of armour.
You are very stealthy in the water. (Stealth+)
You are amphibious.
You can wear up to eight rings at the same time.
You can use your tentacles to constrict eight enemies at once.
Your skin changes colour to match your surroundings (Stealth+).
Your rubbery body absorbs attacks. (AC +1, EV +1)


Message History

The adder hisses angrily.
Things that are here:
a +0 short sword; a kobold corpse You see here a scroll labelled ZUOFOWNIOME.
You hit the gnoll. You grab the gnoll.
The gnoll is moderately wounded.
You constrict the gnoll. The gnoll closely misses you.
You hit the gnoll but do no damage.
The gnoll is moderately wounded.
You constrict the gnoll. The gnoll hits you but does no damage.
The gnoll shouts!
You hit the gnoll but do no damage. You squeeze the gnoll.
You kill the gnoll!
Trog accepts your kill.
Your Stealth skill increases to level 2!
You have reached level 4!
You barely miss the adder. Your grab misses the adder. The adder bites you. x2
You hit the adder. Your grab misses the adder.
You squeeze the adder, but do no damage.
The adder is heavily wounded.
The adder bites you.
You slash the adder!
You kill the adder!
Trog accepts your kill.
You hit the gnoll but do no damage. Your grab misses the gnoll.
You squeeze the gnoll!
The gnoll is heavily wounded.
The gnoll hits you with a +0 whip. The gnoll hits you with a +0 whip!
* * * LOW HITPOINT WARNING * * *
You are too injured to fight recklessly!
You are too injured to fight recklessly!
Unknown command.
Your skin crawls.
You feel strong-willed. The gnoll hits you with a +0 whip!
* * * LOW HITPOINT WARNING * * *
A red film seems to cover your vision as you go berserk!
You feel yourself moving faster!
You feel mighty! The gnoll hits you with a +0 whip!
You die...

.......#^....# #.#
#.....#.....####.###
#.....#.....##......
#.....).†......#.###
#...........####.#
#.....#......).#.#
#.....#.....##.#..
#.....###########.
###@### .. #g# ..
#g# #g# ##.###
#....# #....# #....#
#....#


You could see 3 gnolls.

Vanquished Creatures
  A gnoll (D:2)
  3 adders (D:2)
  A leopard gecko (D:1)
  A giant cockroach (D:1)
  3 goblins
  6 hobgoblins
  4 jackals (D:1)
  A quokka (D:2)
  3 bats
  A frilled lizard (D:1)
  5 kobolds
  3 rats (D:1)
32 creatures vanquished.

Notes
Turn   | Place    | Note
-------+----------+-------------------------------------------
     0 | D:1      | tsouns the Octopode Berserker began the quest for the Orb.
     0 | D:1      | Reached XP level 1. HP: 16/16 MP: 1/1
   241 | D:1      | Reached XP level 2. HP: 21/21 MP: 2/2
   375 | D:1      | Reached skill level 1 in Stealth
   542 | D:1      | Reached XP level 3. HP: 26/26 MP: 3/3
   660 | D:1      | Reached ** piety under Trog
  1020 | D:2      | Reached XP level 4. HP: 31/31 MP: 4/4
  1026 | D:2      | Slain by a gnoll

Illustrated notes

Levels and vault maps discovered:
D:1:      dpeg_arrival_ternary, layout_rooms, minmay_misc_feat_chi,
          minmay_heptomino_h4
D:2:      minmay_recursive_quarters, layout_rooms,
          grunt_temple_overflow_holy_war, uniq_robin

Skill      XL: |  1  2  3 |
---------------+----------+-----
Stealth        | 1 2 |  2.1
Fighting       | |  3.4
Axes           | |  3.9
Dodging        | |  3.4

Action                   |  1- 3 |  4- 6 || total
-------------------------+-------+-------++-------
Melee: Hand axe          |    49 |     4 ||    53
       Constrict         |    14 |       ||    14
       Tentacles         |     9 |     2 ||    11
Invok: Berserk           |       |     1 ||     1
       Trog's Hand       |       |     1 ||     1
 Stab: Sleeping          |     3 |       ||     3
Armor: Skin              |     3 |       ||     3
Dodge: Dodged            |    25 |       ||    25

Table legend: (Time is in decaauts)
 A = Elapsed time spent in this place.
 B = Non-inter-level travel time spent in this place.
 C = Inter-level travel time spent in this place.
 D = Time resting spent in this place.
 E = Time spent auto-exploring this place.
 F = Levels seen in this place.
 G = Mean time per level.
                   A        B        C        D        E       F      G
               +--------+--------+--------+--------+--------+-----+--------+
         Total |   1032 |    983 |     49 |      0 |    802 |   2 |  516.0 |
       Dungeon |   1032 |    983 |     49 |      0 |    802 |   2 |  516.0 |
               +--------+--------+--------+--------+--------+-----+--------+

Top non-repeatable levels by time:
     D:1: 803 daAuts
     D:2: 229 daAuts
